 Dungeon Crawl Stone Soup version 0.27-a0-808-g60bc5d92e6 (webtiles) character file.

Game seed: 13578069644080798298

31 funkygono the Magician (level 3, -8/25 HPs)
             Began as a Djinni Fire Elementalist on Mar 28, 2021.
             Mangled by Terence
             ... wielding a +0 morningstar
              (9 damage)
             ... on level 3 of the Dungeon.
             The game lasted 00:03:25 (2145 turns).

funkygono the Magician (Djinni Fire Elementalist)   Turns: 2145, Time: 00:03:26

Health: -8/25      AC:  2    Str: 13    XL:     3   Next: 22%
Gold:   36         EV: 12    Int: 17    God:
                   SH:  0    Dex: 13

rFire    + + .     SeeInvis .   b - +0 dagger
rCold    x . .     Faith    .   (no shield)
rNeg     . . .     Spirit   .   a - +0 robe
rPois    ∞         Reflect  .   (no helmet)
rElec    .         Harm     .   (no cloak)
rCorr    .         Rampage  .   (no gloves)
Will     .....                  (boots unavailable)
Stlth    ++........             (no amulet)
HPRegen  0.08/turn              d - +6 ring of strength
MPRegen  0.00/turn              (no ring)

@: flying
A: fire resistance 2, cold vulnerability 1, float, innate caster, hp casting,
extra vitality 1
a: no special abilities


You were on level 3 of the Dungeon.
You visited 1 branch of the dungeon, and saw 3 of its levels.

You collected 36 gold pieces.

Inventory:

Hand Weapons
 b - a +0 dagger (weapon)
Armour
 a - a +0 robe (worn)
Magical Staves
 f - a staff of poison
Jewellery
 d - a +6 ring of strength (left hand)


   Skills:
 + Level 2.3 Dodging
 - Level 1.5 Stealth
 * Level 3.6 Spellcasting


You couldn't memorise any spells.
You knew the following spells:

 Your Spells              Type           Power      Damage    Failure   Level
a - Foxfire               Conj/Fire      60%        2x1d7     3%          1
b - Conjure Flame         Conj/Fire      15%        6-21      11%         3
c - Inner Flame           Hex/Fire       15%        N/A       11%         3
d - Sticky Flame          Conj/Fire      15%        2d4       34%         4
e - Fireball              Conj/Fire      7%         3d5       69%         5
f - Sandblast             Erth           30%        2d9       3%          1
Your spell library was empty.

Dungeon Overview and Level Annotations

Branches:
Dungeon (3/15)

Altars:

Shops:
D:1 (   D:2 [

Annotations:
D:3 Terence


Innate Abilities, Weirdness & Mutations

You are immune to poison.
Your flesh is very heat resistant. (rF++)
You are vulnerable to cold. (rC-)
You float through the air rather than walking.
You learn spells naturally, not from books.
Your magical power is your life essence.
You have superior vitality. (+4 HP)


Message History

Terence barely misses you.
Casting: Foxfire (safe; 3% risk of failure)
Confirm with . or Enter, or press ? or * to list all spells.
You conjure some foxfire!
Terence closely misses you.
Unknown command.
The foxfire hits Terence but does no damage.
Terence is heavily wounded.
The foxfire hits Terence but does no damage.
Terence is heavily wounded.
The foxfire hits Terence but does no damage.
Terence is heavily wounded.
Terence hits you with a +0 morningstar!
Casting: Foxfire (safe; 3% risk of failure)
Confirm with . or Enter, or press ? or * to list all spells.
You conjure some foxfire!
Terence closely misses you.
Unknown command.
Casting: Foxfire (safe; 3% risk of failure)
Confirm with . or Enter, or press ? or * to list all spells.
You conjure some foxfire!
The foxfire hits Terence but does no damage.
Terence is heavily wounded.
The foxfire hits Terence but does no damage.
Terence is heavily wounded.
Terence hits you with a +0 morningstar!
* * * LOW HITPOINT WARNING * * *
Casting: Foxfire (safe; 3% risk of failure)
Confirm with . or Enter, or press ? or * to list all spells.
You don't have enough health to cast this spell.
You aren't carrying any potions.
You aren't carrying any potions.
The foxfire hits Terence.
Terence is heavily wounded.
Terence closely misses you.
There is a stone staircase leading up here.
Casting: Foxfire (safe; 3% risk of failure)
Confirm with . or Enter, or press ? or * to list all spells.
You conjure some foxfire!
* * * LOW HITPOINT WARNING * * *
Terence hits you with a +0 morningstar!
You die...

### ..#####.##
.......v.######
#..@@.....#
##v..####.#
##.## #.# ###
#.# ####<####
#.......#
#.##.##.# #
##.##.# #
#..##.#


You could see Terence (ally target).

Vanquished Creatures
  A worm (D:2)
  3 bats
  2 endoplasms (D:1)
  A giant cockroach (D:1)
  3 goblins (D:2)
  A hobgoblin (D:3)
  A kobold (D:1)
  4 quokkas
  9 frilled lizards (D:1)
  2 rats (D:2)
27 creatures vanquished.

Vanquished Creatures (others)
  82 foxfires
82 creatures vanquished.

Grand Total: 109 creatures vanquished

Notes
Turn   | Place    | Note
-------+----------+-------------------------------------------
     0 | D:1      | funkygono the Djinni Fire Elementalist began the quest for
                  | the Orb.
     0 | D:1      | Reached XP level 1. HP: 15/15 MP: 0/0
   218 | D:1      | Reached skill level 3 in Spellcasting
   482 | D:1      | Found Wireawom's Antique Weapon Shoppe.
   515 | D:1      | Reached XP level 2. HP: 19/21 MP: 0/0
   879 | D:1      | You are sucked into a shaft and drop 1 floor!
  1392 | D:2      | Reached XP level 3. HP: 24/25 MP: 0/0
  1392 | D:2      | Learned a level 1 spell: Sandblast
  2002 | D:2      | Found Rudoant's Antique Armour Boutique.
  2109 | D:3      | Noticed Terence
  2128 | D:3      | HP: 1/25 [Terence/+0 morningstar (7)]
  2145 | D:3      | Mangled by Terence

Illustrated notes

Levels and vault maps discovered:
D:1:      minmay_arrival_four_loops, layout_loops_ring, serial_shops, shop,
          minmay_lizard_pond
D:2:      layout_basic, serial_shops, shop
D:3:      layout_loops_cross, lemuel_coloured_pillars_altar,
          gup_sewer_entry_spiral, minmay_pentangle, uniq_terence

Skill      XL: |  1 |
---------------+----+-----
Spellcasting   | 3 |  3.6
Dodging        | |  2.3
Stealth        | |  1.5

Action                   || total
-------------------------++-------
 Cast: Foxfire           ||    52
  Use: Scroll            ||     5
Dodge: Dodged            ||     5

Table legend: (Time is in decaauts)
 A = Elapsed time spent in this place.
 B = Non-inter-level travel time spent in this place.
 C = Inter-level travel time spent in this place.
 D = Time resting spent in this place.
 E = Time spent auto-exploring this place.
 F = Levels seen in this place.
 G = Mean time per level.
                   A        B        C        D        E       F      G
               +--------+--------+--------+--------+--------+-----+--------+
         Total |   2143 |   2078 |     65 |      0 |   1846 |   3 |  714.3 |
       Dungeon |   2143 |   2078 |     65 |      0 |   1846 |   3 |  714.3 |
               +--------+--------+--------+--------+--------+-----+--------+

Top non-repeatable levels by time:
     D:2: 1193 daAuts
     D:1: 878 daAuts
     D:3: 71 daAuts
